 Dungeon Crawl Stone Soup version 0.19-a0-1637-gfc13266 (webtiles) character file.

71 Amnesiac the Charlatan (level 4, -10/32 HPs)
             Began as a Mummy Artificer on Sept 20, 2016.
             Killed by divine providence
             ... invoked by an orc priest
              (14 damage)
             ... on level 4 of the Dungeon.
             The game lasted 00:01:47 (1091 turns).

Amnesiac the Charlatan (Mummy Artificer)            Turns: 1091, Time: 00:01:47

Health: -10/32     AC:  5    Str: 15    XL:     4   Next: 5%
Magic:  7/7        EV: 11    Int: 10    God:
Gold:   8          SH:  0    Dex: 13    Spells: 0 memorised, 3 levels left

rFire  x . .     SeeInvis .     h - +0 mace
rCold  + . .     Gourm    .     g - +0 ring mail
rNeg   + + +     Faith    .     (no shield)
rPois  ∞         Spirit   .     (no helmet)
rElec  .         Dismiss  .     (no cloak)
rCorr  .         Reflect  .     (no gloves)
MR     .....     Harm     .     (no boots)
Stlth  +.........               j - amulet of regeneration
                                (no ring)
                                (no ring)

@: no status effects
A: no food or potions, fire vulnerability, cold resistance 1, negative energy
resistance 3, torment resistance, unbreathing
a: no special abilities


You were on level 4 of the Dungeon.
You were not hungry.

You visited 1 branch of the dungeon, and saw 5 of its levels.

You collected 8 gold pieces.

Inventory:

Hand Weapons
 a - a +0 short sword
 h - a +0 mace (weapon)
Armour
 g - a +0 ring mail (worn)
Jewellery
 j - an amulet of regeneration (around neck)
Wands
 c - a wand of flame (15/48)
 d - a wand of enslavement (15/24)
 e - a wand of random effects (15/48)
Scrolls
 b - 2 scrolls of identify {unknown}
 f - a scroll of fog {unknown}
 i - a scroll of enchant armour {unknown}


   Skills:
 - Level 1.0 Fighting
 - Level 1.0 Short Blades
 - Level 1.5 Dodging
 - Level 0.7 Stealth
 + Level 4.0 Evocations


You had 3 spell levels left.
You didn't know any spells.

Dungeon Overview and Level Annotations

Branches:
Dungeon (5/15)
 Temple: D:4-7

Altars:


Innate Abilities, Weirdness & Mutations

You do not eat or drink.
Your flesh is vulnerable to fire.
You are immune to poison.
Your flesh is cold resistant. (rC+)
You are immune to negative energy. (rN+++)
You are immune to unholy pain and torment.
You can survive without breathing.


Message History

A quokka comes into view.
Found a silvery potion.
A quokka is nearby!
A quokka is nearby!
An orc priest and an orc wizard come into view.
The orc wizard shouts!
An orc and an orc priest come into view.
The orc priest shouts!
The orc shouts!
The orc priest calls down the wrath of Beogh upon you.
Beogh smites you!
You closely miss the quokka.
The orc priest looks satisfied for a moment.
The quokka closely misses you.
You barely miss the quokka. The quokka misses you.
The orc priest mumbles some strange prayers to Beogh against you.
Beogh smites you!
* * * LOW HITPOINT WARNING * * *
The orc priest calls down the wrath of Beogh upon you.
Beogh smites you!
You die...

.....# #.#.# .... .....#
#.#.##.... .....#
####........#
...########...........#.
...# #....#............#
...###(..!..............
.....#....#............
.....#....#####....###
..........# #?@..#
..........# #..r.o..#
.........^# #!......#
###.......# #.......#
#......... +...o.o...
#.......### #.....o...
######### #.........
###.......


You could see 2 orc priests, an orc wizard, an orc and a quokka.

Vanquished Creatures
  A bullfrog skeleton (D:4)
  An adder (D:2)
  3 dart slugs (D:1)
  A leopard gecko (D:1)
  An orc (D:4)
  2 giant cockroaches
  2 goblins (D:1)
  2 hobgoblins
  3 jackals (D:2)
  A quokka (D:2)
  A bat (D:1)
  5 kobolds
  2 rats (D:2)
25 creatures vanquished.

Notes
Turn   | Place    | Note
-------+----------+-------------------------------------------
     0 | D:1      | Amnesiac the Mummy Artificer began the quest for the Orb.
     0 | D:1      | Reached XP level 1. HP: 15/15 MP: 2/2
    13 | D:1      | Reached skill level 1 in Short Blades
    92 | D:1      | Reached XP level 2. HP: 6/21 MP: 4/4
   320 | D:1      | Reached skill level 3 in Evocations
   553 | D:2      | Reached XP level 3. HP: 14/26 MP: 5/5
  1032 | D:5      | Entered Level 5 of the Dungeon
  1067 | D:4      | Reached skill level 4 in Evocations
  1067 | D:4      | Reached XP level 4. HP: 18/32 MP: 5/7
  1091 | D:4      | Killed from afar by an orc priest

Vault maps used:
D:1:      eino_arrival_water_star
D:2:      ecumenical_altar_1
D:3:      st_stairs_11, tgw_fedhas
D:4:      kennysheep_big_flooded_room, first_bread
D:5:      basic_altar, st_stairs_6

Skill      XL: |  1  2  3 |
---------------+----------+-----
Short Blades   | 1 |  1.0
Evocations     | 3 4 |  4.0
Fighting       | |  1.0
Dodging        | |  1.5
Stealth        | |  0.7

Action                   |  1- 3 |  4- 6 || total
-------------------------+-------+-------++-------
Melee: Short sword       |   118 |       ||   118
       Mace              |    13 |     2 ||    15
 Stab: Sleeping          |     1 |       ||     1
Armor: Leather armour    |    12 |       ||    12
       Ring mail         |    35 |       ||    35
Dodge: Dodged            |    66 |     2 ||    68
